TOP OF THE 1ST |
Fort Collins Commoners batting - Pitching for Watertown Headhunters : RHP Rob Woods
|
Pitching: RHP Rob Woods
|
|
Batting: RHB Tomás Rivera
|
0-0: Called Strike 0-1: Swinging Strike 0-2: Ball 1-2: SINGLE (Groundball, 34D)
|
Batting: LHB Lorenzo Vargas
|
0-0: Ball Tomás Rivera steals 2nd base 1-0: Ball Tomás Rivera steals 3rd base 2-0: Called Strike 2-1: Foul Ball, location: 2F 2-2: Ball 3-2: SINGLE (Groundball, 34D) Tomás Rivera scores
|
Batting: RHB Juan Castillo
|
0-0: Ball 1-0: Ball 2-0: Called Strike 2-1: Swinging Strike 2-2: Foul Ball, location: 2F 2-2: Strikes out looking
|
Batting: LHB Earl Wigfall
|
0-0: Called Strike 0-1: Ball 1-1: Ball 2-1: TRIPLE (Flyball, 89D) Lorenzo Vargas scores
|
Batting: RHB Monty Crawford
|
0-0: Foul Ball, location: 2F 0-1: Ground out 5-3 (Groundball, 56) Earl Wigfall scores
|
Batting: LHB António Chávez
|
0-0: Fly out, F7 (Flyball, 7LS)
|
Top of the 1st over - 3 run(s), 3 hit(s), 0 error(s), 0 left on base; Fort Collins 3 - Watertown 0 |
BOTTOM OF THE 1ST |
Watertown Headhunters batting - Pitching for Fort Collins Commoners : LHP Tom Hale
|
Pitching: LHP Tom Hale
|
|
Batting: RHB Norberto Márquez
|
0-0: Ground out 5-3 (Groundball, 5)
|
Batting: RHB Pedro Echevarría
|
0-0: Ball 1-0: Ground out 4-3 (Groundball, 4)
|
Batting: RHB Luis Quezada
|
0-0: Foul Ball, location: 2F 0-1: Called Strike 0-2: Foul Ball, location: 2F 0-2: Ball 1-2: Ball 2-2: Ball 3-2: Strikes out swinging
|
Bottom of the 1st over - 0 run(s), 0 hit(s), 0 error(s), 0 left on base; Fort Collins 3 - Watertown 0 |
TOP OF THE 2ND |
Fort Collins Commoners batting - Pitching for Watertown Headhunters : RHP Rob Woods
|
Batting: RHB Xie-li Fong
|
0-0: Called Strike 0-1: SINGLE (Groundball, 56D)
|
Batting: RHB Gary Roberts
|
0-0: Called Strike 0-1: Ball 1-1: Ball 2-1: Ball 3-1: Foul Ball, location: 2F 3-2: Strikes out swinging Xie-li Fong is caught stealing 2nd base Batter strikes out.
|
Batting: RHB Eric Black
|
0-0: Ball 1-0: Ball 2-0: Swinging Strike 2-1: Ball 3-1: Foul Ball, location: 2F 3-2: Strikes out swinging
|
Top of the 2nd over - 0 run(s), 1 hit(s), 0 error(s), 0 left on base; Fort Collins 3 - Watertown 0 |
BOTTOM OF THE 2ND |
Watertown Headhunters batting - Pitching for Fort Collins Commoners : LHP Tom Hale
|
Batting: RHB Luis Montoya
|
0-0: Swinging Strike 0-1: Called Strike 0-2: Ball 1-2: Ball 2-2: Ball 3-2: Foul Ball, location: 2F 3-2: Base on Balls
|
Batting: LHB Wally Harris
|
0-0: Ball 1-0: Foul Ball, location: 2F 1-1: DOUBLE (Line Drive, 78M) Luis Montoya to third
|
Batting: RHB Joe Salas
|
0-0: Called Strike 0-1: SINGLE (Line Drive, 8LS) Luis Montoya scores Wally Harris to third Runner from 3rd tries for Home, SAFE, no throw
|
Batting: RHB Daniel Martínez
|
0-0: Called Strike 0-1: Foul Ball, location: 2F 0-2: DOUBLE (Flyball, 78XD) Joe Salas to third Runner from 3rd tries for Home, SAFE, throw made home
|
Batting: LHB Burt Ward
|
0-0: Called Strike 0-1: Foul Ball, location: 2F 0-2: Foul Ball, location: 2F 0-2: Foul Ball, location: 2F 0-2: Ball 1-2: Ball 2-2: Ball 3-2: DOUBLE (Flyball, 8LXD) Daniel Martínez scores
|
Batting: RHB Andrew Deal
|
0-0: Ball 1-0: Fly out, F7 (Flyball, 7)
|
Batting: RHB Norberto Márquez
|
0-0: Called Strike 0-1: Foul Ball, location: 2F 0-2: Strikes out looking
|
Batting: RHB Pedro Echevarría
|
0-0: Ball 1-0: Called Strike 1-1: Foul Ball, location: 2F 1-2: Foul Ball, location: 2F 1-2: Strikes out swinging
|
Bottom of the 2nd over - 4 run(s), 4 hit(s), 0 error(s), 1 left on base; Fort Collins 3 - Watertown 4 |
TOP OF THE 3RD |
Fort Collins Commoners batting - Pitching for Watertown Headhunters : RHP Rob Woods
|
Batting: RHB Tomás Rivera
|
0-0: Ball 1-0: SINGLE (Flyball, 78S)
|
Batting: LHB Lorenzo Vargas
|
0-0: Ball 1-0: Called Strike 1-1: Ball Tomás Rivera steals 2nd base 2-1: SINGLE (Groundball, 4MD) Tomás Rivera to third Runner from 3rd tries for Home, SAFE, no throw
|
Batting: RHB Juan Castillo
|
0-0: Ball 1-0: Ball 2-0: Swinging Strike 2-1: Called Strike 2-2: Ball 3-2: SINGLE (Flyball, 9LS) Lorenzo Vargas to second Runner from 2nd tries for 3rd, OUT! Juan Castillo to second
|
Batting: LHB Earl Wigfall
|
0-0: Ball Juan Castillo steals 3rd base 1-0: Ball 2-0: Called Strike 2-1: Swinging Strike 2-2: Strikes out looking
|
Batting: RHB Monty Crawford
|
0-0: Ball 1-0: Called Strike 1-1: Ball 2-1: Foul Ball, location: 2F 2-2: Fly out, F8 (Flyball, 8RS)
|
Top of the 3rd over - 1 run(s), 3 hit(s), 0 error(s), 1 left on base; Fort Collins 4 - Watertown 4 |
BOTTOM OF THE 3RD |
Watertown Headhunters batting - Pitching for Fort Collins Commoners : LHP Tom Hale
|
Batting: RHB Luis Quezada
|
0-0: Ball 1-0: Swinging Strike 1-1: Ball 2-1: TRIPLE (Flyball, 8LD)
|
Batting: RHB Luis Montoya
|
0-0: Ball 1-0: Ball 2-0: Called Strike 2-1: Foul Ball, location: 2F 2-2: Fly out, F8 (Flyball, 8LM) Runner from 3rd tags up, SCORES, no throw
|
Batting: LHB Wally Harris
|
0-0: Called Strike 0-1: Swinging Strike 0-2: Ball 1-2: Ground out 5-3 (Groundball, 5)
|
Batting: RHB Joe Salas
|
0-0: Swinging Strike 0-1: Ball 1-1: Ball 2-1: Ground out 4-3 (Groundball, 4S)
|
Bottom of the 3rd over - 1 run(s), 1 hit(s), 0 error(s), 0 left on base; Fort Collins 4 - Watertown 5 |
TOP OF THE 4TH |
Fort Collins Commoners batting - Pitching for Watertown Headhunters : RHP Rob Woods
|
Batting: LHB António Chávez
|
0-0: Swinging Strike 0-1: Called Strike 0-2: Ball 1-2: SINGLE (Groundball, 4MD)
|
Batting: RHB Xie-li Fong
|
0-0: Fly out, F8 (Line Drive, 89M)
|
Batting: RHB Gary Roberts
|
0-0: Swinging Strike 0-1: Ball 1-1: Swinging Strike 1-2: Fly out, F3 (Popup, 3S)
|
Batting: RHB Eric Black
|
0-0: Swinging Strike 0-1: Ball 1-1: Ball 2-1: Fly out, F4 (Popup, 4MD)
|
Top of the 4th over - 0 run(s), 1 hit(s), 0 error(s), 1 left on base; Fort Collins 4 - Watertown 5 |
BOTTOM OF THE 4TH |
Watertown Headhunters batting - Pitching for Fort Collins Commoners : LHP Tom Hale
|
Batting: RHB Daniel Martínez
|
0-0: Fly out, F7 (Flyball, 7)
|
Batting: LHB Burt Ward
|
0-0: Called Strike 0-1: Ball 1-1: Ball 2-1: Foul Ball, location: 2F 2-2: Ball 3-2: Reached on error, E3 (Groundball, 3L)
|
Batting: RHB Andrew Deal
|
0-0: Called Strike Burt Ward is caught stealing 2nd base 0-1: Ball 1-1: Ground out 6-3 (Groundball, 6)
|
Bottom of the 4th over - 0 run(s), 0 hit(s), 1 error(s), 0 left on base; Fort Collins 4 - Watertown 5 |
BOTTOM OF THE 5TH |
Watertown Headhunters batting - Pitching for Fort Collins Commoners : LHP Tom Hale
|
Pitching: RHP Hugh Rankin
|
|
Batting: RHB Norberto Márquez
|
0-0: Foul Ball, location: 2F 0-1: Ball 1-1: Swinging Strike 1-2: Strikes out looking
|
Batting: RHB Pedro Echevarría
|
0-0: Called Strike 0-1: Ball 1-1: Swinging Strike 1-2: Ball 2-2: Ball 3-2: Strikes out looking
|
Batting: RHB Luis Quezada
|
0-0: Ball 1-0: Ball 2-0: SINGLE (Groundball, 6MD)
|
Batting: RHB Luis Montoya
|
0-0: Foul Ball, location: 2F 0-1: Swinging Strike 0-2: Ground out 1-3 (Groundball, 13S)
|
Bottom of the 5th over - 0 run(s), 1 hit(s), 0 error(s), 1 left on base; Fort Collins 7 - Watertown 5 |
TOP OF THE 6TH |
Fort Collins Commoners batting - Pitching for Watertown Headhunters : RHP Billy Davis
|
Batting: RHB Eric Black
|
0-0: Ground out 6-3 (Groundball, 6MS)
|
Batting: RHB Tomás Rivera
|
0-0: Ball 1-0: Foul Ball, location: 2F 1-1: Swinging Strike 1-2: Foul Ball, location: 2F 1-2: Ball 2-2: Foul Ball, location: 2F 2-2: DOUBLE (Line Drive, 78M)
|
Batting: LHB Lorenzo Vargas
|
0-0: Called Strike 0-1: Ball 1-1: SINGLE (Groundball, 34D) Tomás Rivera to third Runner from 3rd tries for Home, SAFE, no throw
|
Batting: RHB Juan Castillo
|
0-0: Foul Ball, location: 2F 0-1: Foul Ball, location: 2F 0-2: Ball 1-2: Fly out, F2 (Popup, 23)
|
Batting: LHB Earl Wigfall
|
0-0: SINGLE (Flyball, 7LS) Lorenzo Vargas to second
|
Batting: RHB Monty Crawford
|
0-0: Called Strike 0-1: Foul Ball, location: 2F 0-2: SINGLE (Flyball, 7LS) Lorenzo Vargas to third Earl Wigfall to second Runner from 3rd tries for Home, SAFE, no throw
|
Batting: LHB António Chávez
|
0-0: Ball 1-0: Ball 2-0: Swinging Strike 2-1: Foul Ball, location: 2F 2-2: Strikes out swinging
|
Top of the 6th over - 2 run(s), 4 hit(s), 0 error(s), 2 left on base; Fort Collins 9 - Watertown 5 |
BOTTOM OF THE 6TH |
Watertown Headhunters batting - Pitching for Fort Collins Commoners : RHP Hugh Rankin
|
Batting: LHB Wally Harris
|
0-0: Called Strike 0-1: Ball 1-1: Ball 2-1: Called Strike 2-2: Fly out, F8 (Flyball, 8LD)
|
Batting: RHB Joe Salas
|
0-0: Called Strike 0-1: Foul Ball, location: 2F 0-2: Ball 1-2: Foul Ball, location: 2F 1-2: DOUBLE (Line Drive, 89D)
|
Batting: RHB Daniel Martínez
|
0-0: Ground out 1-3 (Groundball, 13) Joe Salas to third
|
Batting: LHB Burt Ward
|
0-0: Called Strike 0-1: Ball 1-1: SINGLE (Line Drive, 4MD) Joe Salas scores
|
Batting: RHB Andrew Deal
|
0-0: Ball 1-0: Called Strike 1-1: Ball 2-1: DOUBLE (Line Drive, 7LM) Burt Ward to third Runner from 3rd tries for Home, throw and OUT!
|
Bottom of the 6th over - 1 run(s), 3 hit(s), 0 error(s), 1 left on base; Fort Collins 9 - Watertown 6 |
TOP OF THE 7TH |
Fort Collins Commoners batting - Pitching for Watertown Headhunters : RHP Billy Davis
|
Batting: RHB Xie-li Fong
|
0-0: Called Strike 0-1: Ball 1-1: Foul Ball, location: 2F 1-2: Ball 2-2: Ball 3-2: Base on Balls
|
Batting: RHB Gary Roberts
|
0-0: Ball 1-0: Sac Bunt - play at first, batter OUT! 2-4 Xie-li Fong to second
|
Batting: RHB Eric Black
|
0-0: SINGLE (Flyball, 8RS) Xie-li Fong to third Runner from 3rd tries for Home, SAFE, no throw
|
Batting: RHB Tomás Rivera
|
Pickoff Throw to First - Out! 0-0: Swinging Strike 0-1: Swinging Strike 0-2: Ball 1-2: Foul Ball, location: 2F 1-2: Fly out, F9 (Flyball, 9LSF)
|
Top of the 7th over - 1 run(s), 1 hit(s), 0 error(s), 0 left on base; Fort Collins 10 - Watertown 6 |
BOTTOM OF THE 7TH |
Watertown Headhunters batting - Pitching for Fort Collins Commoners : RHP Hugh Rankin
|
Batting: RHB Norberto Márquez
|
0-0: Foul Ball, location: 2F 0-1: Ball 1-1: Ball 2-1: Ball 3-1: Ground out 5-3 (Groundball, 5)
|
Batting: RHB Pedro Echevarría
|
0-0: Swinging Strike 0-1: Foul Ball, location: 2F 0-2: Ball 1-2: Ground out 4-3 (Groundball, 4)
|
Batting: RHB Luis Quezada
|
0-0: Fly out, F8 (Flyball, 8LM)
|
Bottom of the 7th over - 0 run(s), 0 hit(s), 0 error(s), 0 left on base; Fort Collins 10 - Watertown 6 |
TOP OF THE 8TH |
Fort Collins Commoners batting - Pitching for Watertown Headhunters : RHP Billy Davis
|
Batting: LHB Lorenzo Vargas
|
0-0: Fly out, F9 (Line Drive, 9)
|
Batting: RHB Juan Castillo
|
0-0: Ball 1-0: Called Strike 1-1: Foul Ball, location: 2F 1-2: Ball 2-2: Fly out, F6 (Popup, 6S)
|
Batting: LHB Earl Wigfall
|
0-0: Ball 1-0: Ball 2-0: Foul Ball, location: 2F 2-1: Called Strike 2-2: SINGLE (Flyball, 8RS)
|
Batting: RHB Monty Crawford
|
0-0: Fielders Choice at 2nd, 6-4 (Groundball, 6)
|
Top of the 8th over - 0 run(s), 1 hit(s), 0 error(s), 0 left on base; Fort Collins 10 - Watertown 6 |
BOTTOM OF THE 8TH |
Watertown Headhunters batting - Pitching for Fort Collins Commoners : RHP Hugh Rankin
|
Batting: RHB Luis Montoya
|
0-0: Swinging Strike 0-1: Fly out, F5 (Popup, 5D)
|
Batting: LHB Wally Harris
|
0-0: Fly out, F8 (Line Drive, 8LM)
|
Batting: RHB Joe Salas
|
0-0: Called Strike 0-1: Foul Ball, location: 2F 0-2: Fly out, F8 (Line Drive, 8LS)
|
Bottom of the 8th over - 0 run(s), 0 hit(s), 0 error(s), 0 left on base; Fort Collins 10 - Watertown 6 |
TOP OF THE 9TH |
Fort Collins Commoners batting - Pitching for Watertown Headhunters : RHP Billy Davis
|
Batting: LHB António Chávez
|
0-0: Called Strike 0-1: Ball 1-1: Foul Ball, location: 2F 1-2: Ball 2-2: Foul Ball, location: 2F 2-2: Foul Ball, location: 2F 2-2: DOUBLE (Line Drive, 78D)
|
Batting: RHB Xie-li Fong
|
0-0: Intentional Walk
|
Pitching: RHP Roberto Marino
|
|
Batting: RHB Gary Roberts
|
0-0: Fly out, F8 (Line Drive, 8LM)
|
Batting: RHB Eric Black
|
0-0: Ball 1-0: Ball 2-0: Called Strike 2-1: Foul Ball, location: 2F 2-2: Ball 3-2: Fly out, F8 (Flyball, 78S)
|
Pitching: LHP Dan Brown
|
|
Batting: RHB Tomás Rivera
|
0-0: Called Strike 0-1: Fly out, F8 (Flyball, 8LM)
|
Top of the 9th over - 0 run(s), 1 hit(s), 0 error(s), 2 left on base; Fort Collins 10 - Watertown 6 |
BOTTOM OF THE 9TH |
Watertown Headhunters batting - Pitching for Fort Collins Commoners : RHP Hugh Rankin
|
Batting: RHB Daniel Martínez
|
0-0: Ball 1-0: Foul Ball, location: 2F 1-1: Ball 2-1: Ball 3-1: Called Strike 3-2: Strikes out swinging
|
Batting: LHB Burt Ward
|
0-0: Ball 1-0: Called Strike 1-1: Called Strike 1-2: Ball 2-2: Foul Ball, location: 2F 2-2: Ball 3-2: Base on Balls
|
Pitching: LHP Dave Hoffman
|
|
Batting: RHB Andrew Deal
|
0-0: Called Strike 0-1: Ball 1-1: Ground out 5-3 (Groundball, 56S) Burt Ward to second
|
Batting: RHB Norberto Márquez
|
0-0: Called Strike 0-1: Fly out, F8 (Line Drive, 8LD)
|
Bottom of the 9th over - 0 run(s), 0 hit(s), 0 error(s), 1 left on base; Fort Collins 10 - Watertown 6 |
|